Map: Incorporeal LE

Players

unfading - Winner!

  • Race: Zerg Zerg
  • League: Diamond
  • Spawn Location: 5:00

zacke

  • Race: Protoss Protoss
  • League: Diamond
  • Spawn Location: 11:00

VOD

Have the link to the VOD?

Description

Time

  • Played on: July 7, 2025, 9:28 p.m.
  • Length: 14:15
Show
View Real Time Build Order
Export as new Build Order

unfading Zerg - Winner!

Build Orders: Hatch First 

Get SALT Encoding   

  12  0:01  Drone  
  13  0:08  Drone  
  14  0:19  Overlord  
  14  0:22  Extractor  
  14  0:23  Drone  
  15  0:45  Hatchery  
  14  0:50  Drone  
  14  0:52  Drone  
  16  1:07  Spawning Pool  
  16  1:09  Extractor  
  14  1:17  Drone x2  
  16  1:19  Drone  
  17  1:32  Drone  
  18  1:39  Drone  
  19  1:53  Queen  
  21  1:54  Drone  
  21  1:56  Queen  
  21  1:59  Drone  
  25  2:05  Drone  
  26  2:09  Drone  
  26  2:11  Drone  
  28  2:17  Metabolic Boost  
  28  2:26  Overlord  
  28  2:37  Overlord  
  28  2:45  Overlord  
  28  2:46  Drone  
  28  2:47  Zergling x4  
  28  2:51  Drone  
  32  2:55  Drone  
  33  3:06  Drone x4  
  33  3:07  Drone x3  
  33  3:09  Drone  
  41  3:17  Lair  
  41  3:19  Extractor  
  40  3:20  Drone  
  40  3:21  Drone  
  42  3:28  Drone, Extractor  
  42  3:34  Drone x3  
  44  3:36  Drone  
  44  3:38  Drone  
  47  3:41  Drone  
  47  3:43  Drone  
  47  3:45  Extractor  
  48  3:52  Spore Crawler  
  48  3:54  Spore Crawler  
  46  3:56  Spore Crawler  
  46  3:57  Drone x2  
  46  3:58  Drone  
  46  3:59  Spore Crawler, Queen  
  49  4:07  Drone  
  51  4:10  Drone  
  47  4:32  Drone x2  
  47  4:37  Drone  
  50  4:42  Spire  
  50  4:43  Drone x2  
  50  4:44  Drone  
  52  4:53  Overlord  
  52  4:57  Overlord  
  52  5:10  Overlord  
  52  5:15  Zergling x2  
  52  5:17  Overlord  
  50  5:22  Overlord  
  50  5:23  Zergling x8  
  50  5:24  Zergling x2  
  50  5:25  Zergling x2  
  50  5:28  Drone  
  57  5:42  Hatchery  
  57  5:44  Zergling x4  
  57  5:45  Zergling x2  
  57  5:46  Overlord  
  57  5:47  Overlord  
  59  5:53  Overlord  
  59  5:54  Mutalisk x2  
  59  5:56  Mutalisk  
  65  5:57  Mutalisk x2  
  65  5:58  Mutalisk  
  65  5:59  Mutalisk  
  65  6:03  Mutalisk, Hatchery  
  74  6:08  Mutalisk  
  76  6:14  Drone  
  77  6:18  Drone  
  77  6:23  Queen  
  80  6:31  Evolution Chamber  
  80  6:32  Evolution Chamber, Drone x2  
  80  6:33  Drone, Overlord  
  80  6:34  Infestation Pit  
  80  6:46  Zergling x6  
  83  6:47  Zergling x2  
  79  7:05  Zergling x2  
  79  7:06  Zergling x6  
  79  7:07  Zerg Melee Weapons Level 1  
  79  7:08  Zerg Ground Armor Level 1  
  81  7:16  Zergling x4  
  81  7:17  Zergling x6  
  86  7:36  Zergling x4  
  88  7:37  Zergling x4  
  88  7:38  Zergling x2  
  88  7:39  Zergling x6  
  94  7:56  Drone  
  94  7:57  Drone  
  94  7:58  Drone x2  
  98  8:03  Queen  
  98  8:04  Drone  
  98  8:05  Drone x2  
  103  8:22  Zergling x8  
  107  8:32  Drone x2  
  109  8:35  Drone  
  109  8:36  Drone x2, Queen  
  109  8:38  Queen  
  116  8:41  Hive  
  116  9:05  Zergling x4  
  116  9:06  Zergling x2  
  116  9:08  Drone x2  
  121  9:10  Drone x3  
  121  9:11  Queen  
  121  9:12  Extractor  
  121  9:14  Extractor x2  
  121  9:15  Drone  
  121  9:16  Drone x4, Extractor  
  121  9:17  Drone  
  128  9:19  Overlord x3  
  128  9:34  Zergling x4  
  128  9:45  Zergling x6  
  128  9:47  Zerg Ground Armor Level 2, Zerg Melee Weapons Level 2  
  128  9:50  Zergling x4  
  128  9:51  Zergling x6  
  128  9:52  Zergling x10  
  139  9:56  Drone  
  139  9:58  Drone x4  
  139  9:59  Drone  
  128  10:25  Zergling x6  
  126  10:30  Zergling x6  
  126  10:31  Zergling x4  
  126  10:32  Zergling x10  
  113  10:50  Mutalisk x2  
  117  11:00  Mutalisk x3  
  117  11:01  Mutalisk  
  123  11:40  Zergling x4  
  123  11:41  Zergling x6  
  123  11:42  Zergling x10  
  133  11:49  Zergling x6  
  133  11:50  Ultralisk Cavern, Zergling x4  
  133  11:51  Zergling x4  
  133  11:53  Zergling x8  
  133  11:54  Zergling x2  
  120  12:17  Zergling x8  
  120  12:18  Zergling x10  
  120  12:19  Zergling x8  
  120  12:20  Mutalisk x2  
  133  12:30  Zergling x2  
  133  12:31  Zergling x2  
  131  12:43  Zergling x2  
  131  12:44  Zergling x8  
  134  12:45  Zergling x6  
  139  12:52  Ultralisk x2  
  139  12:53  Overlord x2  
  151  13:01  Zergling x2  
  152  13:18  Zergling x2  
  146  13:20  Ultralisk x3  
  150  13:33  Zergling x2  
  150  13:34  Zergling x2  
  150  13:46  Zergling x4  
Show
View Real Time Build Order
Export as new Build Order

zacke Protoss 

Build Orders: 1 Gate Expand, Oracle Opening 

Get SALT Encoding   

  12  0:00  Probe  
  13  0:12  Probe  
  14  0:19  Pylon  
  14  0:24  Probe  
  15  0:39  Gateway  
  15  0:40  Probe  
  15  0:45  Assimilator  
  15  0:48  Probe  
  17  0:57  Probe  
  18  1:09  Probe  
  19  1:21  Probe  
  20  1:27  Nexus  
  20  1:37  Cybernetics Core  
  20  1:43  Assimilator  
  20  1:48  Pylon  
  20  1:51  Probe  
  21  1:59  Probe  
  21  2:07  Probe  
  22  2:10  Adept  
  25  2:23  Stargate  
  25  2:27  Gateway  
  25  2:32  Stalker  
  25  2:38  Warp Gate  
  25  2:41  Probe  
  28  2:44  Probe  
  28  2:49  Probe  
  29  2:57  Probe x2  
  31  3:00  Oracle  
  32  3:08  Probe  
  32  3:09  Probe  
  37  3:20  Probe  
  37  3:23  Probe  
  39  3:27  Stalker  
  39  3:28  Adept  
  39  3:32  Probe  
  44  3:35  Probe, Pylon  
  45  3:52  Probe  
  45  3:54  Assimilator  
  50  3:56  Probe, Assimilator  
  50  3:59  Void Ray  
  51  4:04  Probe  
  51  4:09  Probe  
  53  4:16  Probe  
  54  4:27  Nexus  
  54  4:31  Pylon  
  54  4:36  Twilight Council  
  54  4:37  Forge  
  54  4:40  Pylon  
  54  4:47  Probe  
  54  4:50  Probe  
  55  4:55  Probe  
  55  4:58  Probe  
  57  5:03  Probe  
  57  5:05  Stalker  
  60  5:07  Zealot, Probe  
  64  5:33  Oracle  
  61  5:37  Charge  
  61  5:38  Probe x2  
  61  5:39  Zealot  
  61  5:40  Adept  
  67  5:46  Protoss Ground Weapons Level 1  
  70  5:50  Probe  
  70  5:52  Gateway  
  70  5:53  Gateway  
  70  5:55  Gateway  
  70  5:57  Probe, Gateway  
  71  6:00  Probe, Gateway  
  71  6:02  Probe  
  74  6:05  Probe, Templar Archives  
  74  6:11  Gateway  
  75  6:13  Probe, Pylon  
  75  6:14  Probe  
  75  6:15  Pylon  
  77  6:23  Robotics Facility  
  77  6:26  Probe x3  
  77  6:31  Pylon  
  80  6:35  Photon Cannon  
  80  6:36  Shield Battery, Photon Cannon  
  80  6:38  Probe x3  
  83  6:45  Zealot  
  85  6:50  Probe  
  85  6:52  Sentry x2  
  89  7:04  Probe  
  89  7:05  Probe x2  
  92  7:09  High Templar  
  92  7:10  High Templar x2  
  92  7:11  High Templar  
  92  7:12  Zealot x2  
  103  7:16  Probe  
  103  7:18  Photon Cannon x2  
  103  7:21  Photon Cannon  
  87  7:32  Stalker x3  
  87  7:33  Stalker  
  86  7:41  Probe x3  
  83  7:47  Stalker  
  83  7:48  Stalker  
  82  7:53  Probe x3  
  85  8:05  Probe x3  
  88  8:09  Pylon  
  87  8:17  Probe x3  
  84  8:20  Phoenix  
  78  8:28  Probe  
  78  8:30  Probe  
  78  8:31  Probe  
  80  8:36  Probe  
  80  8:39  Probe x2  
  83  8:43  Stalker  
  83  8:44  Probe  
  88  8:48  Probe  
  82  9:01  Probe x2  
  82  9:02  Probe  
  76  9:09  Probe x2  
  79  9:10  Probe  
  82  9:17  Probe, Pylon  
  82  9:18  Probe x2  
  82  9:23  Stalker  
  87  9:29  Probe x2  
  87  9:30  Probe  
  84  9:41  Probe x2  
  84  9:42  Probe  
  82  9:53  Photon Cannon  
  82  9:54  Photon Cannon  
  82  10:02  Photon Cannon  
  82  10:04  Photon Cannon  
  82  10:06  Photon Cannon  
  82  10:09  Photon Cannon  
  56  10:23  Archon x2  
  32  10:37  Stalker x3  
  32  10:39  Probe x2  
  32  11:01  Probe  
  32  11:02  Probe x2  
  29  11:09  Probe  
  29  11:10  Probe x2  
  31  11:19  Zealot  
  31  11:20  Zealot x5  
  43  11:28  Probe x3  
  46  11:43  Probe x2  
  46  11:44  Probe  
  47  11:52  Probe x3  
  49  12:01  Probe x3  
  54  12:10  Stalker x2  
  41  12:24  Stalker x2  
  40  12:32  Probe x3  
  43  12:40  Probe  
  44  12:45  Probe  
  45  12:54  Probe x2  
  47  13:03  Probe  
  47  13:04  Probe  
  48  13:06  Probe  
  48  13:12  Probe  
  50  13:15  Probe  
Tags
 
Add a new tag
Caveats
  • Supply blocks, unpowered buildings, or Contaminate may cause inaccurate times.
  • Supply counts are checked every 10 seconds.